General information
- name: BNet
- type: Ladder team game (AT/RT)
- host: Battle.net
- saver: Kim.Jong-Un
map: Cherryville
- players: 8
- length: 35:56
- speed: Fast
- version: 1.26 W3XP
- replay type: Public
» download(238 KB)
Players
team 1 (loser)
ZwickOwnsYou (
purple | 40 APM | 1024 actions | 25:22)
4 Keeper of the Grove
2 Thorns Aura
2 Entangling Roots
» actions
| Assign group hotkey | 32 | |
| Basic commands | 80 | |
| Build / train | 77 | |
| ESC pressed | 2 | |
| Enter build submenu | 23 | |
| Enter hero's abilities submenu | 4 | |
| Right click | 329 | |
| Select / deselect | 297 | |
| Select group hotkey | 132 | |
| Use ability | 48 | |
1024 total
» units
| Wisp | 24 | |
| Archer | 17 | |
| Hippogryph | 10 | |
| Druid of the Talon | 3 | |
54 total
» upgrades
| Moon Armor | 3 | |
| Strength of the Moon | 3 | |
| Ultravision | 1 | |
| Improved Bows | 1 | |
| Hippogryph Taming | 1 | |
| Reinforced Hides | 1 | |
| Marksmanship | 1 | |
| Druid of the Talon Training | 2 | |
| Backpack | 1 | |
| Nature's Blessing | 1 | |
| Well Spring | 1 | |
16 total
» buildings
| Moon Well | 9 | |
| Altar of Elders | 2 | |
| Ancient of War | 3 | |
| Ancient of Wonders | 1 | |
| Hunter's Hall | 1 | |
| Tree of Ages | 1 | |
| Ancient of Wind | 2 | |
| Tree of Life | 2 | |
| Tree of Eternity | 1 | |
22 total
» build order
00:31 Moon Well
00:43 Altar of Elders
01:18 Ancient of War
01:20 Ancient of Wonders
01:58 Moon Well
02:12 Moon Well
02:48 Hunter's Hall
04:27 Tree of Ages
06:13 Moon Well
06:15 Moon Well
06:50 Ancient of Wind
06:56 Ancient of Wind
07:22 Tree of Life
09:00 Tree of Eternity
12:19 Moon Well
12:24 Moon Well
18:47 Tree of Life
19:29 Altar of Elders
19:38 Moon Well
20:21 Moon Well
20:36 Ancient of War
20:45 Ancient of War
Kim.Jong-Un (
green | 147 APM | 5296 actions | 35:56)
10 Blademaster
3 Wind Walk
3 Critical Strike
1 Bladestorm
3 Mirror Image
» actions
| Assign group hotkey | 132 | |
| Basic commands | 55 | |
| Build / train | 115 | |
| ESC pressed | 10 | |
| Enter build submenu | 80 | |
| Enter hero's abilities submenu | 10 | |
| Give item / drop item | 13 | |
| Right click | 1809 | |
| Select / deselect | 455 | |
| Select group hotkey | 2329 | |
| Use ability | 288 | |
5296 total
» units
| Peon | 26 | |
| Grunt | 12 | |
| Wind Rider | 8 | |
| Troll Batrider | 3 | |
49 total
» upgrades
| Armor | 5 | |
| Pillage | 1 | |
| Berserker Strength | 1 | |
| Reinforced Defenses | 1 | |
| Ranged Weapons | 3 | |
| Envenomed Spears | 1 | |
| Troll Regeneration | 1 | |
| Liquid Fire | 1 | |
| Spiked Barricades | 3 | |
17 total
» buildings
| Altar of Storms | 1 | |
| Orc Burrow | 9 | |
| Barracks | 2 | |
| Voodoo Lounge | 1 | |
| Stronghold | 2 | |
| Great Hall | 5 | |
| War Mill | 1 | |
| Watch Tower | 40 | |
| Fortress | 4 | |
| Beastiary | 4 | |
69 total
» build order
00:07 Altar of Storms
00:10 Orc Burrow
00:21 Barracks
00:23 Barracks
01:41 Orc Burrow
02:10 Voodoo Lounge
04:29 Stronghold
04:29 Stronghold
05:10 Orc Burrow
05:29 Great Hall
06:04 War Mill
07:13 Great Hall
07:48 Watch Tower
07:49 Watch Tower
09:14 Watch Tower
09:16 Watch Tower
09:18 Watch Tower
10:11 Watch Tower
10:30 Fortress
10:30 Fortress
10:43 Watch Tower
10:47 Watch Tower
11:08 Watch Tower
11:14 Watch Tower
11:15 Watch Tower
11:18 Watch Tower
11:32 Watch Tower
11:55 Beastiary
12:11 Beastiary
14:19 Beastiary
14:57 Beastiary
15:55 Watch Tower
16:14 Orc Burrow
16:17 Orc Burrow
16:54 Watch Tower
16:55 Watch Tower
16:56 Watch Tower
17:04 Watch Tower
19:25 Watch Tower
19:25 Watch Tower
19:26 Watch Tower
22:09 Orc Burrow
22:13 Watch Tower
22:14 Watch Tower
22:33 Great Hall
24:17 Watch Tower
24:18 Watch Tower
24:20 Watch Tower
24:20 Watch Tower
24:21 Watch Tower
26:19 Great Hall
26:22 Watch Tower
26:23 Watch Tower
26:24 Watch Tower
26:26 Watch Tower
26:28 Watch Tower
27:47 Watch Tower
27:53 Watch Tower
29:30 Watch Tower
29:31 Watch Tower
29:32 Watch Tower
29:33 Watch Tower
31:44 Watch Tower
32:50 Orc Burrow
32:51 Orc Burrow
32:53 Orc Burrow
34:44 Great Hall
» items
| Healing Salve | 7 | |
| Lesser Clarity Potion | 5 | |
| Boots of Speed | 1 | |
| Orb of Lightning | 1 | |
| Scroll of Town Portal | 4 | |
| Potion of Mana | 2 | |
20 total
I)arKness.FaLLs (
pink | 31 APM | 801 actions | 25:37)
7 Priestess of the Moon
3 Searing Arrows
3 Trueshot Aura
1 Starfall
» actions
| Assign group hotkey | 4 | |
| Basic commands | 22 | |
| Build / train | 70 | |
| Enter build submenu | 21 | |
| Enter hero's abilities submenu | 7 | |
| Right click | 357 | |
| Select / deselect | 289 | |
| Select group hotkey | 1 | |
| Use ability | 30 | |
801 total
» units
| Wisp | 10 | |
| Archer | 18 | |
| Huntress | 4 | |
| Hippogryph | 13 | |
| Chimaera | 9 | |
54 total
» upgrades
| Strength of the Moon | 1 | |
| Hippogryph Taming | 1 | |
| Corrosive Breath | 1 | |
| Strength of the Wild | 1 | |
| Reinforced Hides | 1 | |
5 total
» buildings
| Altar of Elders | 1 | |
| Moon Well | 10 | |
| Ancient of War | 1 | |
| Hunter's Hall | 1 | |
| Tree of Ages | 1 | |
| Ancient of Wind | 2 | |
| Tree of Eternity | 1 | |
| Chimaera Roost | 3 | |
20 total
» build order
00:16 Altar of Elders
00:17 Moon Well
00:43 Ancient of War
01:45 Moon Well
02:43 Hunter's Hall
03:52 Moon Well
04:40 Tree of Ages
05:04 Moon Well
07:49 Ancient of Wind
07:51 Tree of Eternity
08:28 Moon Well
11:20 Chimaera Roost
11:23 Chimaera Roost
11:28 Chimaera Roost
12:47 Moon Well
12:57 Moon Well
12:58 Moon Well
14:12 Moon Well
20:08 Ancient of Wind
20:38 Moon Well
» items

»
SORRYBRAH (
red | 77 APM | 1516 actions | 19:38)
5 Death Knight
3 Death Coil
2 Unholy Aura
4 Lich
2 Frost Nova
2 Frost Armor
» actions
| Assign group hotkey | 58 | |
| Basic commands | 23 | |
| Build / train | 41 | |
| Enter build submenu | 13 | |
| Enter hero's abilities submenu | 9 | |
| Give item / drop item | 4 | |
| Right click | 427 | |
| Select / deselect | 215 | |
| Select group hotkey | 673 | |
| Use ability | 53 | |
1516 total
» units
| Acolyte | 7 | |
| Ghoul | 2 | |
| Crypt Fiend | 7 | |
| Obsidian Statue | 3 | |
19 total
» upgrades
| Creature Attack | 2 | |
| Creature Carapace | 2 | |
| Web | 1 | |
| Burrow | 1 | |
6 total
» buildings
| Crypt | 1 | |
| Ziggurat | 6 | |
| Graveyard | 1 | |
| Altar of Darkness | 1 | |
| Nerubian Tower | 1 | |
| Tomb of Relics | 1 | |
| Halls of the Dead | 1 | |
| Slaughterhouse | 1 | |
| Black Citadel | 1 | |
14 total
» build order
00:08 Crypt
00:13 Ziggurat
00:32 Graveyard
00:56 Altar of Darkness
01:08 Nerubian Tower
01:22 Tomb of Relics
02:20 Ziggurat
03:46 Halls of the Dead
05:09 Ziggurat
05:11 Ziggurat
07:07 Ziggurat
07:17 Slaughterhouse
11:18 Black Citadel
11:25 Ziggurat
» items
| Rod of Necromancy | 1 | |
| Dust of Appearance | 1 | |
2 total
team 2 (winner)

»
dark[warlord] (
yellow | 47 APM | 1646 actions | 35:00)
6 Blademaster
1 Wind Walk
3 Critical Strike
1 Mirror Image
1 Bladestorm
5 Shadow Hunter
3 Healing Wave
2 Hex
» actions
| Assign group hotkey | 35 | |
| Basic commands | 208 | |
| Build / train | 82 | |
| Enter build submenu | 24 | |
| Enter hero's abilities submenu | 11 | |
| Give item / drop item | 1 | |
| Right click | 282 | |
| Select / deselect | 451 | |
| Select group hotkey | 471 | |
| Use ability | 81 | |
1646 total
» units
| Peon | 13 | |
| Wind Rider | 20 | |
| Shaman | 9 | |
| Troll Batrider | 7 | |
| Goblin Shredder | 1 | |
| Siege Engine | 3 | |
53 total
» upgrades
| Ranged Weapons | 3 | |
| Armor | 2 | |
| Envenomed Spears | 1 | |
| Shaman Training | 2 | |
| Spiked Barricades | 1 | |
| Reinforced Defenses | 1 | |
| Plating | 1 | |
11 total
» buildings
| Orc Burrow | 8 | |
| Altar of Storms | 1 | |
| Voodoo Lounge | 1 | |
| War Mill | 1 | |
| Stronghold | 1 | |
| Watch Tower | 6 | |
| Beastiary | 2 | |
| Fortress | 1 | |
| Spirit Lodge | 1 | |
| Great Hall | 3 | |
25 total
» build order
00:32 Orc Burrow
00:41 Altar of Storms
01:04 Voodoo Lounge
01:23 Orc Burrow
01:53 War Mill
02:27 Stronghold
03:26 Watch Tower
03:29 Watch Tower
03:42 Orc Burrow
04:52 Beastiary
04:53 Fortress
04:59 Beastiary
06:49 Spirit Lodge
07:42 Orc Burrow
08:44 Great Hall
12:35 Orc Burrow
15:04 Orc Burrow
18:15 Watch Tower
18:58 Orc Burrow
19:56 Great Hall
22:36 Watch Tower
22:38 Orc Burrow
22:42 Watch Tower
23:34 Watch Tower
25:47 Great Hall
» items
| Healing Salve | 1 | |
| Orb of Lightning | 1 | |
| Scroll of Town Portal | 1 | |
3 total
MoMoneyMoProbs (
blue | 58 APM | 2069 actions | 35:56)
8 Archmage
3 Summon Water Elemental
3 Brilliance Aura
1 Mass Teleport
1 Blizzard
» actions
| Assign group hotkey | 29 | |
| Basic commands | 130 | |
| Build / train | 71 | |
| Enter build submenu | 50 | |
| Enter hero's abilities submenu | 9 | |
| Give item / drop item | 6 | |
| Right click | 727 | |
| Select / deselect | 315 | |
| Select group hotkey | 154 | |
| Use ability | 578 | |
2069 total
» units
| Peasant | 12 | |
| Footman | 5 | |
| Goblin Shredder | 2 | |
| Gryphon Rider | 8 | |
27 total
» upgrades
| Masonry | 3 | |
| Storm Hammers | 1 | |
| Cloud | 1 | |
| Animal War Training | 1 | |
| Swords | 3 | |
| Armor | 3 | |
12 total
» buildings
| Altar of Kings | 1 | |
| Barracks | 1 | |
| Farm | 11 | |
| Keep | 1 | |
| Arcane Vault | 1 | |
| Lumber Mill | 1 | |
| Town Hall | 4 | |
| Scout Tower | 21 | |
| Castle | 1 | |
| Gryphon Aviary | 7 | |
| Guard Tower | 5 | |
| Blacksmith | 2 | |
56 total
» build order
00:41 Altar of Kings
00:42 Barracks
01:06 Farm
01:10 Farm
01:14 Farm
02:14 Farm
03:32 Keep
04:15 Arcane Vault
04:20 Lumber Mill
04:48 Town Hall
06:03 Scout Tower
06:05 Scout Tower
06:07 Scout Tower
06:09 Scout Tower
06:11 Scout Tower
06:34 Castle
06:39 Gryphon Aviary
06:51 Farm
07:06 Guard Tower
08:21 Gryphon Aviary
08:22 Gryphon Aviary
08:25 Gryphon Aviary
08:26 Gryphon Aviary
08:40 Gryphon Aviary
08:42 Gryphon Aviary
08:46 Blacksmith
08:47 Blacksmith
09:38 Scout Tower
09:40 Scout Tower
09:44 Scout Tower
09:46 Scout Tower
09:51 Scout Tower
09:53 Scout Tower
09:59 Scout Tower
09:59 Scout Tower
10:48 Guard Tower
10:59 Guard Tower
11:15 Farm
11:16 Farm
11:21 Farm
11:25 Farm
11:34 Guard Tower
11:48 Farm
11:49 Farm
17:24 Town Hall
17:27 Scout Tower
17:27 Scout Tower
17:28 Scout Tower
17:28 Scout Tower
17:29 Scout Tower
17:30 Scout Tower
17:30 Scout Tower
17:31 Scout Tower
18:29 Guard Tower
19:27 Town Hall
29:06 Town Hall
» items
| Scroll of Regeneration | 8 | |
| Scroll of Town Portal | 2 | |
| Periapt of Vitality | 3 | |
| Potion of Lesser Invulnerability | 2 | |
| Potion of Healing | 1 | |
16 total
EMILLION (
teal | 53 APM | 1851 actions | 34:55)
6 Blademaster
3 Wind Walk
1 Mirror Image
1 Critical Strike
1 Bladestorm
2 Shadow Hunter
1 Healing Wave
1 Hex
» actions
| Basic commands | 2 | |
| Build / train | 111 | |
| Enter build submenu | 50 | |
| Enter hero's abilities submenu | 8 | |
| Give item / drop item | 2 | |
| Remove unit from queue | 8 | |
| Right click | 1027 | |
| Select / deselect | 538 | |
| Use ability | 105 | |
1851 total
» units
| Peon | 31 | |
| Grunt | 2 | |
| Troll Headhunter/Berserker | 5 | |
| Shaman | 7 | |
| Tauren | 13 | |
| Goblin Zeppelin | 1 | |
59 total
» upgrades
| Ranged Weapons | 2 | |
| Armor | 2 | |
| Melee Weapons | 2 | |
| Shaman Training | 2 | |
| Witch Doctor Training | 1 | |
| Spiked Barricades | 1 | |
10 total
» buildings
| Altar of Storms | 2 | |
| Orc Burrow | 16 | |
| Voodoo Lounge | 1 | |
| Barracks | 1 | |
| War Mill | 2 | |
| Stronghold | 4 | |
| Great Hall | 2 | |
| Spirit Lodge | 2 | |
| Fortress | 3 | |
| Watch Tower | 15 | |
| Tauren Totem | 3 | |
51 total
» build order
00:06 Altar of Storms
00:08 Orc Burrow
00:28 Voodoo Lounge
01:24 Barracks
01:58 War Mill
02:26 Orc Burrow
03:02 Stronghold
05:58 Great Hall
06:03 Orc Burrow
06:50 Spirit Lodge
07:13 Fortress
07:36 Watch Tower
08:43 Watch Tower
09:08 Watch Tower
10:31 Tauren Totem
10:37 Orc Burrow
10:52 Watch Tower
10:54 Watch Tower
11:13 Watch Tower
11:46 Orc Burrow
12:36 Tauren Totem
12:45 Orc Burrow
14:09 Orc Burrow
14:14 Orc Burrow
14:23 Tauren Totem
14:44 Stronghold
14:44 Stronghold
14:47 Spirit Lodge
14:50 Watch Tower
15:18 War Mill
15:50 Orc Burrow
15:53 Orc Burrow
16:02 Orc Burrow
16:44 Orc Burrow
16:53 Altar of Storms
17:41 Watch Tower
18:24 Orc Burrow
19:08 Orc Burrow
19:28 Watch Tower
20:56 Orc Burrow
23:16 Watch Tower
25:57 Fortress
25:57 Fortress
26:30 Watch Tower
26:32 Orc Burrow
29:32 Great Hall
29:41 Watch Tower
29:43 Watch Tower
29:44 Watch Tower
29:46 Watch Tower
» items
| Healing Salve | 3 | |
| Circlet of Nobility | 1 | |
| Scroll of Town Portal | 1 | |
5 total

»
Accension (
orange | 57 APM | 1733 actions | 30:31)
4 Archmage
2 Summon Water Elemental
2 Brilliance Aura
» actions
| Assign group hotkey | 98 | |
| Basic commands | 58 | |
| Build / train | 98 | |
| ESC pressed | 28 | |
| Enter build submenu | 43 | |
| Enter hero's abilities submenu | 4 | |
| Give item / drop item | 3 | |
| Right click | 525 | |
| Select / deselect | 512 | |
| Select group hotkey | 240 | |
| Use ability | 124 | |
1733 total
» units
| Peasant | 20 | |
| Footman | 3 | |
| Mortar Team | 6 | |
| Siege Engine | 11 | |
| Sorceress | 2 | |
| Flying Machine | 2 | |
44 total
» upgrades
| Lumber Harvesting | 2 | |
| Sorceress Training | 2 | |
| Flare | 1 | |
| Masonry | 1 | |
| Gunpowder | 3 | |
| Armor | 1 | |
| Barrage | 1 | |
| Magic Sentry | 1 | |
| Control Magic | 1 | |
| Plating | 1 | |
| Animal War Training | 1 | |
15 total
» buildings
| Altar of Kings | 1 | |
| Farm | 10 | |
| Barracks | 1 | |
| Lumber Mill | 1 | |
| Arcane Vault | 2 | |
| Keep | 3 | |
| Blacksmith | 2 | |
| Town Hall | 5 | |
| Arcane Sanctum | 1 | |
| Workshop | 4 | |
| Castle | 2 | |
| Scout Tower | 14 | |
| Guard Tower | 5 | |
| Cannon Tower | 6 | |
57 total
» build order
00:18 Altar of Kings
00:33 Farm
00:48 Barracks
01:05 Farm
01:20 Lumber Mill
02:00 Farm
02:14 Arcane Vault
02:17 Arcane Vault
03:01 Farm
03:04 Keep
03:04 Keep
03:39 Blacksmith
04:40 Blacksmith
04:44 Farm
04:57 Town Hall
05:40 Arcane Sanctum
06:36 Workshop
07:24 Workshop
07:26 Castle
09:01 Scout Tower
09:01 Scout Tower
09:03 Scout Tower
09:05 Scout Tower
10:19 Guard Tower
12:38 Farm
12:39 Farm
15:15 Scout Tower
15:16 Scout Tower
15:16 Scout Tower
15:19 Scout Tower
15:20 Scout Tower
15:20 Scout Tower
15:21 Scout Tower
15:21 Scout Tower
16:11 Guard Tower
16:20 Guard Tower
16:25 Guard Tower
18:30 Town Hall
18:54 Farm
18:55 Farm
18:55 Farm
19:43 Keep
22:12 Town Hall
22:22 Town Hall
22:36 Castle
25:50 Scout Tower
25:50 Scout Tower
26:01 Town Hall
26:03 Guard Tower
26:05 Cannon Tower
26:05 Cannon Tower
26:09 Cannon Tower
26:09 Cannon Tower
26:43 Workshop
26:44 Workshop
» items
| Scroll of Regeneration | 2 | |
| Lesser Clarity Potion | 9 | |
| Orb of Fire | 1 | |
| Staff of Sanctuary | 1 | |
| Scroll of Town Portal | 2 | |
| Potion of Healing | 1 | |
| Scroll of Speed | 1 | |
17 total
Chat log
(00:07 / Allies) I)arKness.FaLLs: sup guys
(00:10 / Allies) ZwickOwnsYou: yo
(00:11 / Allies) SORRYBRAH: 100 g por favor
(00:13 / Allies) I)arKness.FaLLs: sup z
(00:15 / All) Kim.Jong-Un: Are you the real Darkness?
(00:17 / Allies) ZwickOwnsYou: nm
(00:23 / Allies) ZwickOwnsYou: gl man
(00:24 / Allies) SORRYBRAH: ah, thank u
(00:27 / Allies) ZwickOwnsYou: np
(00:29 / All) I)arKness.FaLLs: yea
(00:32 / All) MoMoneyMoProbs: Darkness isn't real
(00:36 / All) MoMoneyMoProbs: it's a comic book character
(00:46 / All) Kim.Jong-Un: I'm Dssn from the forums, you still watch my replays on Highperch?
(00:46 / All) SORRYBRAH: youre a comic book character
(00:50 / All) Kim.Jong-Un: wasn't sure you still played
(00:51 / All) MoMoneyMoProbs: SO WHAT
(00:59 / All) SORRYBRAH: pfft
(01:17 / All) I)arKness.FaLLs: why would i still?
(01:27 / Allies) I)arKness.FaLLs: anyone else gettin potm??
(01:31 / Allies) I)arKness.FaLLs: why u talkin to all?
(01:33 / All) Kim.Jong-Un: Same reason you used to
(01:33 / Allies) ZwickOwnsYou: keeper
(01:35 / All) Kim.Jong-Un: For schadenfreude
(01:44 / Allies) ZwickOwnsYou: archer hippo rider dott
(01:47 / Allies) SORRYBRAH: u guys pros or suttin?
(01:56 / Allies) I)arKness.FaLLs: yup
(01:58 / Allies) Kim.Jong-Un: close enough
(02:02 / Allies) I)arKness.FaLLs: haha
(02:06 / Allies) ZwickOwnsYou: been playing 10 years
(02:09 / Allies) ZwickOwnsYou: so something like that
(02:20 / Allies) Kim.Jong-Un: So have I
(02:23 / Allies) I)arKness.FaLLs: he was talkin to us but you too bro
(02:24 / Allies) I)arKness.FaLLs: ha
(02:25 / Allies) I)arKness.FaLLs: ha
(02:32 / Allies) I)arKness.FaLLs: ya we been playin for about that
(02:32 / Allies) ZwickOwnsYou: ya i know
(02:33 / Allies) Kim.Jong-Un: I don't believe you're the real darkness
(02:49 / Allies) SORRYBRAH: i used to play in the days of noac
(02:51 / Allies) I)arKness.FaLLs: i used to be in clan DoTT
(02:54 / Allies) I)arKness.FaLLs: used to run it
(03:03 / Allies) I)arKness.FaLLs: yeah dude noac!!!!!!!
(03:04 / Allies) ZwickOwnsYou: i remember that one
(03:08 / Allies) ZwickOwnsYou: dott
(03:09 / Allies) SORRYBRAH: my shit
(03:11 / Allies) ZwickOwnsYou: and noac
(03:12 / Allies) ZwickOwnsYou: gold
(03:12 / Allies) I)arKness.FaLLs: u remember dott
(03:14 / Allies) ZwickOwnsYou: grrr
(03:16 / Allies) ZwickOwnsYou: ya
(03:21 / Allies) I)arKness.FaLLs: dude i FUCKING KNEW I REMEMEBER UR NAME FROM SOMEWHERE
(03:22 / Allies) I)arKness.FaLLs: purpe
(03:26 / Allies) I)arKness.FaLLs: u were in my clan DoTT
(03:28 / Allies) I)arKness.FaLLs: uw ere shammy
(03:29 / Allies) ZwickOwnsYou: no
(03:33 / All) EMILLION: gg green
(03:36 / Allies) ZwickOwnsYou: i hung out there
(03:41 / All) EMILLION: ;)
(03:44 / All) Kim.Jong-Un: grats you could ahve an expo and be lvl 3 by now
(03:47 / Allies) I)arKness.FaLLs: u werent in ti?
(03:53 / All) Kim.Jong-Un: cheaper to let it die than use salves and clarity potion
(03:54 / Allies) ZwickOwnsYou: dont think so
(03:55 / Allies) ZwickOwnsYou: maybe
(03:58 / Allies) ZwickOwnsYou: wait
(03:59 / All) EMILLION: ...
(04:06 / Allies) ZwickOwnsYou: maybe i was
(04:18 / All) Kim.Jong-Un: takes more time to heal it fully
(04:27 / All) EMILLION: `^^
(04:41 / All) Kim.Jong-Un: I'm listening to a north korean film I blame any bad play on that
(04:43 / Allies) I)arKness.FaLLs: rush?
(04:43 / Allies) ZwickOwnsYou: pink
(04:47 / Allies) ZwickOwnsYou: i think u right
(04:48 / Allies) ZwickOwnsYou: yes rugh
(04:50 / Allies) ZwickOwnsYou: rush
(04:53 / Allies) I)arKness.FaLLs: dont listen to shit
(04:54 / Allies) Kim.Jong-Un: darkness suggesting to rush lol
(04:55 / Allies) I)arKness.FaLLs: we need to win
(04:59 / Allies) ZwickOwnsYou: we talk after match about it
(05:17 / All) Kim.Jong-Un: I'm glad it isn't the real darkness because I am playing badly
(05:26 / Allies) SORRYBRAH: i got + 15 dmg on my hero
(05:28 / Allies) SORRYBRAH: XD
(05:31 / All) Kim.Jong-Un: He suggested to rush
(05:52 / Allies) I)arKness.FaLLs: noob move
(05:58 / Allies) Kim.Jong-Un: A pro item steal move
(06:03 / Allies) I)arKness.FaLLs: green give wand... shit helps with potmm...
(06:11 / Allies) I)arKness.FaLLs: wtf u call that dude
(06:18 / Allies) Kim.Jong-Un: An item steal
(06:21 / Allies) Kim.Jong-Un: itemjack
(06:36 / Allies) I)arKness.FaLLs: u tried to steal the kill too
(06:39 / Allies) I)arKness.FaLLs: ur an idiot lol
(06:53 / Allies) SORRYBRAH: hey now...
(06:56 / Allies) SORRYBRAH: :P
(07:03 / All) Kim.Jong-Un: Now fake darkness is calling me an idiot for stealing his item
(07:21 / Allies) I)arKness.FaLLs: i ran 3 clans
(07:24 / Allies) I)arKness.FaLLs: SrW
(07:24 / Allies) Kim.Jong-Un: grats
(07:25 / Allies) I)arKness.FaLLs: DoTT
(07:35 / Allies) I)arKness.FaLLs: stfu dude im talking to purple
(07:41 / Allies) I)arKness.FaLLs: to see if he remembers srw
(07:45 / Allies) ZwickOwnsYou: no
(07:50 / Allies) ZwickOwnsYou: dott is the one i remember
(07:56 / Allies) Kim.Jong-Un: I speak whenever I want pink
(08:00 / Allies) I)arKness.FaLLs: ya taht one was way more popular
(08:08 / Allies) I)arKness.FaLLs: cool green
(08:09 / Allies) I)arKness.FaLLs: idc
(08:15 / Allies) ZwickOwnsYou: they hav wyv
(08:33 / Allies) SORRYBRAH: LOL
(08:36 / Allies) SORRYBRAH: GIVE ME YO SHIT
(09:45 / All) Kim.Jong-Un: Pink says he ran three clans
(09:48 / All) Kim.Jong-Un: better watch out
(09:51 / All) SORRYBRAH: LOL
(09:57 / Allies) I)arKness.FaLLs: that funny red
(10:08 / Allies) SORRYBRAH: dude
(10:11 / Allies) SORRYBRAH: id fuck u up 1v1
(10:11 / Allies) I)arKness.FaLLs: i was seein if he remembered the other one
(10:13 / Allies) I)arKness.FaLLs: stfu
(10:17 / Allies) Kim.Jong-Un: Sure you would I could beat you with 1 hero
(10:27 / Allies) Kim.Jong-Un: I'll play you after
(10:42 / All) I)arKness.FaLLs: u scared red?
(10:47 / Allies) I)arKness.FaLLs: i bet hes scared now green
(10:49 / Allies) I)arKness.FaLLs: naht
(11:00 / All) Kim.Jong-Un: I've never lost a 1v1 I'm challenged to
(11:52 / Allies) I)arKness.FaLLs: b
(11:52 / Allies) SORRYBRAH: who wants to get siege
(11:54 / Allies) SORRYBRAH: cuz im bored
(11:55 / Allies) I)arKness.FaLLs: lure them out
(12:09 / Allies) SORRYBRAH: im done here
(12:20 / Allies) ZwickOwnsYou: ty
(12:24 / Allies) SORRYBRAH: mhm
(12:51 / All) Kim.Jong-Un: If you were the real darkness you would know not to go after teal
(13:05 / All) SORRYBRAH: nice burrows
(13:07 / All) Kim.Jong-Un: Oh confused him for blue for a second
(13:11 / All) Kim.Jong-Un: due to the expo position
(13:26 / All) MoMoneyMoProbs: they're to block you
(13:30 / All) MoMoneyMoProbs: from killing his peons
(13:38 / All) MoMoneyMoProbs: like sandbags to stop a flood
(13:44 / All) Kim.Jong-Un: I like how vulnerable red's expo is
(13:46 / All) Kim.Jong-Un: no ziggurats
(13:50 / All) Kim.Jong-Un: he is obviously a semipro
(14:44 / All) Kim.Jong-Un: claws of attack on dk instead of lich lol
(14:45 / All) SORRYBRAH: we in the business call that closing the deal
(14:52 / All) Kim.Jong-Un: This game isn't over until I say so
(14:58 / All) SORRYBRAH: :(
(15:14 / All) Kim.Jong-Un: the claws are better on ranged heroes btw red
(15:16 / All) Kim.Jong-Un: not sure if you knew
(15:18 / All) SORRYBRAH: well shit
(15:20 / All) SORRYBRAH: oh yeah
(15:27 / All) Kim.Jong-Un: lol
(15:29 / Allies) SORRYBRAH: green u want em?
(15:31 / All) Kim.Jong-Un: yes give 1 claw not the other
(15:33 / Allies) Kim.Jong-Un: sure
(15:36 / Allies) Kim.Jong-Un: tty
(15:55 / Allies) SORRYBRAH: purp
(15:56 / Allies) SORRYBRAH: b
(15:59 / Allies) I)arKness.FaLLs: gold me
(16:02 / Allies) Kim.Jong-Un: No
(16:15 / Allies) I)arKness.FaLLs: not u sister
(16:20 / Allies) Kim.Jong-Un: I have 6k
(16:21 / Allies) Kim.Jong-Un: granny
(17:03 / All) SORRYBRAH: purp u fucked me
(17:11 / All) Kim.Jong-Un: Now he is blaming it on his allies for the loss
(17:15 / All) MoMoneyMoProbs: not so cocky now?
(17:16 / All) Kim.Jong-Un: and these two players called themselves pros
(17:37 / Allies) SORRYBRAH: dude
(17:38 / Allies) SORRYBRAH: nice hero
(17:47 / Allies) Kim.Jong-Un: It's doing well to leech xp while I bide my time
(17:55 / Allies) SORRYBRAH: mhmm
(18:07 / Allies) I)arKness.FaLLs: wtf happened
(18:15 / Allies) SORRYBRAH: purp blocked me
(18:16 / Allies) SORRYBRAH: with archers
(18:17 / Allies) Kim.Jong-Un: You should be familiar with the process pink
(18:20 / Allies) ZwickOwnsYou: i was stuck
(18:22 / Allies) ZwickOwnsYou: actually
(18:24 / Allies) Kim.Jong-Un: You should know how our games go
(18:25 / Allies) SORRYBRAH: its fine
(18:26 / Allies) SORRYBRAH: <3
(18:28 / Allies) SORRYBRAH: u anyway
(18:44 / Allies) SORRYBRAH: seems to be that u almost have 10k gold green
(18:46 / Allies) SORRYBRAH: good job
(18:50 / Allies) I)arKness.FaLLs: u gonna make any units green or just sit there
(18:51 / Allies) Kim.Jong-Un: I'm hoarding
(18:54 / Allies) I)arKness.FaLLs: wtf are you doing
(18:55 / Allies) Kim.Jong-Un: sit here
(18:57 / Allies) SORRYBRAH: so ur a jew?
(19:01 / Allies) Kim.Jong-Un: yes
(19:05 / Allies) SORRYBRAH: cool me 2
(19:12 / Allies) I)arKness.FaLLs: gold me bro
(19:16 / Allies) I)arKness.FaLLs: hurr
(19:30 / Allies) SORRYBRAH: CHIMES WILL NOT HELP U
(19:38 / All) SORRYBRAH: GG
(19:53 / Allies) ZwickOwnsYou: upgrade chim
(20:00 / All) Kim.Jong-Un: Darkness the chimbot
(20:00 / Allies) I)arKness.FaLLs: am
(20:55 / Allies) Kim.Jong-Un: wtf how di this bm get in if it can't get out
(21:07 / All) MoMoneyMoProbs: I might alt tab and masturbate for a bit
(21:08 / Allies) ZwickOwnsYou: tp?
(21:10 / Allies) Kim.Jong-Un: o well I have 10k
(21:32 / Allies) ZwickOwnsYou: they found me
(22:46 / All) Kim.Jong-Un: The 3 time clan leader chimbot
(22:48 / Allies) ZwickOwnsYou: they got too many expo
(22:49 / All) Kim.Jong-Un: Sounds legit
(23:10 / Allies) I)arKness.FaLLs: dude
(23:14 / Allies) I)arKness.FaLLs: wat are you doin go
(23:16 / All) Kim.Jong-Un: Not even sending his full army
(23:19 / Allies) Kim.Jong-Un: this
(23:29 / Allies) ZwickOwnsYou: wow
(23:44 / Allies) ZwickOwnsYou: youre an asshole green
(24:01 / Allies) Kim.Jong-Un: He's a shitty darkness impostor who has never run a clan or who has run garbage ones for chimbots and noobs like himself
(24:21 / Allies) I)arKness.FaLLs: wow
(24:28 / Allies) I)arKness.FaLLs: thx for the help fuck tard we coulda raped them there
(24:33 / Allies) I)arKness.FaLLs: fuckin idiot ass moron
(24:38 / Allies) Kim.Jong-Un: You could have gotten every tank earlier "fuck tard"
(24:39 / Allies) I)arKness.FaLLs: did u not see wat just happened
(24:41 / Allies) Kim.Jong-Un: You are a helpless chimbot
(24:42 / Allies) I)arKness.FaLLs: purp u see that?
(24:46 / Allies) ZwickOwnsYou: yes i saw
(24:47 / Allies) I)arKness.FaLLs: there was 2 tanks left
(24:50 / Allies) I)arKness.FaLLs: at the end
(24:51 / Allies) Kim.Jong-Un: You are trash
(24:53 / Allies) Kim.Jong-Un: Worth less than that
(24:58 / Allies) I)arKness.FaLLs: if he came in with his fuckin riders it woulda been game
(25:05 / Allies) I)arKness.FaLLs: your trash green
(25:06 / Allies) ZwickOwnsYou: he tkd you dude
(25:10 / Allies) ZwickOwnsYou: he killed your units
(25:10 / Allies) I)arKness.FaLLs: and your homosexual which makes it worse
(25:18 / Allies) I)arKness.FaLLs: fuck him bro lets go back to our channel
(25:22 / Allies) I)arKness.FaLLs: hes lvl 1 for a reason
(25:26 / Allies) I)arKness.FaLLs: trashy faggot
(25:31 / Allies) I)arKness.FaLLs: fuck you loser
(25:36 / Allies) I)arKness.FaLLs: clan toke
(25:43 / All) Kim.Jong-Un: Oh he is clan toke trash
(25:46 / All) Kim.Jong-Un: Same clan as flamechamp
(25:50 / All) Kim.Jong-Un: no wonder he got in
(29:40 / All) Kim.Jong-Un: I need sleep, playing badly
(35:05 / All) Kim.Jong-Un: Darkness gets the loss
(35:06 / All) Kim.Jong-Un: imo
(35:09 / All) MoMoneyMoProbs: stats these peeps
(35:10 / All) Kim.Jong-Un: my team was trash talking all game to me
(35:12 / All) Kim.Jong-Un: They are garbage
(35:18 / All) MoMoneyMoProbs: k
(35:21 / All) MoMoneyMoProbs: they can lose
(35:23 / All) Kim.Jong-Un: pink is 29-31
(35:25 / All) Kim.Jong-Un: legit darkness lol
(35:30 / All) Kim.Jong-Un: Def a 3 time clan leader
(35:36 / All) Kim.Jong-Un: 5-10 red calling himself semipro LOL
(35:44 / All) MoMoneyMoProbs: lozl
(35:45 / All) Kim.Jong-Un: Purple is 118-103 better than the fake pros
(35:49 / All) Kim.Jong-Un: his name is familiar
(35:55 / All) Kim.Jong-Un: nonetheless red and pink were fags they get the losses